 Dungeon Crawl Stone Soup version 0.22-a0-355-g201945f (webtiles) character file.

23 Kairos the Shield-Bearer (level 2, 16/16 HPs)
             Began as a Vine Stalker Fighter on Apr 17, 2018.
             Got out of the dungeon alive.
             The game lasted 00:00:42 (584 turns).

Kairos the Shield-Bearer (Vine Stalker Fighter)      Turns: 584, Time: 00:00:43

Health: 16/16      AC:  6    Str: 18    XL:     2   Next: 95%
Magic:  3/3        EV:  7    Int:  8    God:
Gold:   9          SH:  9    Dex: 13    Spells: 1/1 levels left

rFire    . . .     SeeInvis .   a - +0 war axe
rCold    . . .     Gourm    .   c - +0 shield
rNeg     . . .     Faith    .   b - +0 scale mail
rPois    .         Spirit   +   (no helmet)
rElec    .         Reflect  .   (no cloak)
rCorr    .         Harm     .   (no gloves)
MR       .....                  (no boots)
Stlth    ..........             (no amulet)
HPRegen  0.05/turn              (no ring)
MPRegen  0.08/turn              (no ring)

@: no status effects
A: fangs 2, magic shield, antimagic bite, no potion heal 3, rot immunity
a: no special abilities


You escaped.
You were not hungry.

You visited 1 branch of the dungeon, and saw 1 of its levels.

You collected 9 gold pieces.

Inventory:

Hand Weapons
 a - a +0 war axe (weapon)
Armour
 b - a +0 scale mail (worn)
 c - a +0 shield (worn)
Scrolls
 g - 2 scrolls of identify
Potions
 d - a potion of might
 e - a potion of agility
 h - a potion of heal wounds
Comestibles
 f - 3 rations


   Skills:
 + Level 2.8 Fighting
 + Level 2.0 Axes
 + Level 2.8 Armour
 + Level 3.0 Shields


You had one spell level left.
You didn't know any spells.

Dungeon Overview and Level Annotations

Branches:
Dungeon (1/15)

Altars:


Innate Abilities, Weirdness & Mutations

You have extremely sharp teeth.
When hurt, damage is shared between your health and your magic reserves.
Your bite disrupts and absorbs the magic of your enemies.
Potions cannot restore your health.
You are immune to rotting.


Message History

Done exploring.
No target in view!
Done exploring.
No target in view!
No target in view!
Done exploring.
No target in view!
You see here a club.
There is a stone staircase leading down here.
There is an open door here.
There is a staircase leading out of the dungeon here.
Are you sure you want to leave the Dungeon?
This will make you lose the game!
Alright, then stay!
As you read the scroll labeled CAETENWEYCE, it crumbles to dust.
It is a scroll of identify.
e - a potion of agility
As you read the scroll of identify, it crumbles to dust.
h - a potion of heal wounds Are you sure you want to leave the Dungeon?
This will make you lose the game!
You have escaped!

#...### #.......#.#### ##..##
#.......#..... #..#######
##......###### #####...'....#
#..##### #..###..#....# #..#
#.##.÷..###### #..#
#.#####..##### #..#
#.##..'..##..####..#
#.##..#..##.@#.....#
#.##..#.).'..####.##
#.##..##..#### #†#
#.#######..# #.#
#.#####.#.#######.###########
#.....).#...............##...
#######.............)........
#.###.#####..........## #.#
#.# #.#####.#..#


There were no monsters in sight!

Vanquished Creatures
  3 bats (D:1)
  A giant cockroach (D:1)
  3 hobgoblins (D:1)
  4 frilled lizards (D:1)
  5 goblins (D:1)
  4 kobolds (D:1)
  3 rats (D:1)
23 creatures vanquished.

Notes
Turn   | Place    | Note
-------+----------+-------------------------------------------
     0 | D:1      | Kairos the Vine Stalker Fighter began the quest for the Orb.
     0 | D:1      | Reached XP level 1. HP: 11/11 MP: 2/2
    70 | D:1      | Reached XP level 2. HP: 13/16 MP: 3/3
   375 | D:1      | Reached skill level 3 in Shields
   584 | D:$      | Got out of the dungeon alive.

Vault maps used:
D:1:      dpeg_arrival_short_road, minmay_misc_feat_columns

Skill      XL: |  1  2 |
---------------+-------+-----
Shields        | 3 |  3.0
Axes           | 2 |  2.0
Fighting       | |  2.8
Armour         | |  2.8

Action                   || total
-------------------------++-------
Melee: War axe           ||    46
       Bite              ||    11
  Use: Scroll            ||     2
Armor: Scale mail        ||    22
Dodge: Dodged            ||    14
Block: Shield            ||    31

Table legend:
 A = Spawn XP
 B = Non-spawn XP
 C = Spawn XP percentage of total XP
 D = Spawn monster count
 E = Non-spawn monster count
 F = Spawn count percentage of total count
 G = Total turns spent on level
                    A         B        C        D         E        F      G
               +---------+---------+-------+---------+---------+-------+---------
         Total |       0 |      33 |   0.0 |       0 |      23 |   0.0 |   584
               +---------+---------+-------+---------+---------+-------+---------
           D:1 |       0 |      33 |   0.0 |       0 |      23 |   0.0 |   584
               +---------+---------+-------+---------+---------+-------+---------
